 Dungeon Crawl Stone Soup version 0.29-a0-338-g1ff7896281 (webtiles) character file.

Game seed: 6795917906507880433

3355 zishaf the Cutter (level 10, -1/53 HPs)
             Began as a Vine Stalker Brigand on Apr 18, 2022.
             Was a Believer of Uskayaw.
             Slain by an orc warrior
             ... wielding a +0 long sword
              (6 damage)
             ... on level 7 of the Dungeon.
             The game lasted 00:12:49 (7138 turns).

zishaf the Cutter (Vine Stalker Brigand)            Turns: 7138, Time: 00:12:49

Health: -1/53      AC:  8    Str: 15    XL:     10   Next: 3%
Magic:  0/15       EV: 10    Int: 11    God:    Uskayaw [**....]
Gold:   533        SH:  6    Dex: 19    Spells: 9/9 levels left

rFire   + . .      SeeInvis .   a - +2 dagger (elec)
rCold   . . .      Faith    .   A - +0 buckler {reflect}
rNeg    . . .      Spirit   +   F - +0 ring mail
rPois   .          Reflect  +   (no helmet)
rElec   .          Harm     .   c - +1 cloak
rCorr   .          Rampage  .   (no gloves)
Will    ++...                   C - +0 pair of boots
Stlth   +++.......              L - amulet of regeneration
HPRegen 1.77/turn               B - ring of willpower
MPRegen 0.14/turn               y - ring of protection from fire

@: lethally poisoned (-1 -> -2)
A: fangs 3, regeneration 1, magic shield, antimagic bite, no potion heal 2
a: Renounce Religion, Stomp, Line Pass


You were on level 7 of the Dungeon.
You worshipped Uskayaw.
Uskayaw was noncommittal.
You visited 2 branches of the dungeon, and saw 8 of its levels.
You also visited: Sewer.

You collected 533 gold pieces.

Inventory:

Hand Weapons
 a - a +2 dagger of electrocution (weapon)
 b - a +0 hunting sling
 l - a +2 short sword of holy wrath
 s - a +2 antimagic dagger
 t - a +1 dagger of venom
Missiles
 d - 16 poisoned darts (quivered)
 e - 4 curare-tipped darts
 q - 5 javelins
Armour
 c - a +1 cloak (worn)
 f - a +0 robe
 g - a +0 leather armour
 A - a +0 buckler of reflection (worn)
 C - a +0 pair of boots (worn)
 E - an orb of guile
 F - a +0 ring mail (worn)
Jewellery
 n - a ring of positive energy
 y - a ring of protection from fire (right hand)
 B - a ring of willpower (left hand)
 L - an amulet of regeneration (around neck)
Wands
 p - a wand of charming (8)
 K - a wand of digging (6)
 N - a wand of iceblast (3)
Scrolls
 k - 2 scrolls of amnesia
 m - 2 scrolls of teleportation
 o - 3 scrolls of blinking
 H - a scroll of silence
 I - a scroll of fear
Potions
 h - 2 potions of resistance
 i - 5 potions of attraction
 j - a potion of brilliance
 r - a potion of berserk rage
 u - 5 potions of might
 v - 2 potions of curing {unknown}
 w - 2 potions of haste {unknown}
 x - a potion of experience {unknown}
 D - 2 potions of heal wounds {unknown}
 G - a potion of magic {unknown}
 J - a potion of ambrosia {unknown}
 M - a potion of mutation {unknown}
 O - a potion of invisibility
Miscellaneous
 z - a lightning rod (4/4)


   Skills:
 - Level 6.0 Fighting
 + Level 7.3 Short Blades
 - Level 1.7 Throwing
 - Level 3.0 Armour
 - Level 1.0 Dodging
 - Level 6.0 Stealth
 + Level 4.8 Shields
 * Level 5.9 Invocations


You had 9 spell levels left.
You didn't know any spells.
Your spell library contained the following spells:

 Spells                   Type           Power      Damage    Failure   Level
 Animate Skeleton         Necr           0%         N/A       65%         1
 Apportation              Tloc           0%         N/A       65%         1
 Shock                    Conj/Air       0%         1d3       65%         1
 Summon Small Mammal      Summ           0%         N/A       65%         1
 Blink                    Tloc           0%         N/A       78%         2
 Gell's Gravitas          Tloc           0%         N/A       95%         3
 Lesser Beckoning         Tloc           0%         N/A       95%         3
 Swiftness                Air            0%         N/A       95%         3
 Teleport Other           Tloc           0%         N/A       95%         3
 Airstrike                Air            0%         N/A       100%        4
 Cause Fear               Hex            0%         N/A       100%        4
 Manifold Assault         Tloc           0%         N/A       100%        5
 Dispersal                Tloc           0%         N/A       100%        6
 Dragon Form              Tmut           0%         N/A       100%        7
 Disjunction              Tloc           0%         N/A       100%        8
 Dragon's Call            Summ           0%         N/A       100%        9


Dungeon Overview and Level Annotations

Branches:
Dungeon (7/15)             Temple (1/1) D:5           Sewer (visited)

Altars:
Cheibriados
Kikubaaqudgha
Makhleb
Ru
Sif Muna
Trog
Uskayaw
The Shining One

Shops:
D:7 *

Annotations:
D:6 4 runed translucent doors
D:7 3 runed translucent doors, spaghetti's ghost, novice DgTm


Innate Abilities, Weirdness & Mutations

You have razor-sharp teeth.
Your natural rate of healing is unusually fast.
When hurt, damage is shared between your health and your magic reserves.
Your bite disrupts and absorbs the magic of your enemies.
Potions cannot restore your health.


Message History

The orc priest hits you with a +0 whip. The water moccasin bites you.
You are more poisoned.
The water moccasin poisons you!
You hit the orc priest but do no damage.
Lightning courses through the orc priest!
The orc priest is severely wounded.
You feel very sick. You block the orc's attack.
The orc warrior barely misses you. The water moccasin bites you.
The orc priest hits you but does no damage.
You can now pass through a line of other dancers.
You hit the orc priest.
You kill the orc priest!
You feel very sick.
You closely miss the orc. You bite the orc, but do no damage.
You feel sick. You block the water moccasin's attack.
The orc closely misses you. The orc warrior misses you.
You closely miss the orc. You bite the orc, but do no damage.
You feel sick. You block the water moccasin's attack.
You hit the orc but do no damage.
You feel sick. The orc barely misses you.
A gnoll comes into view. It is wielding a +0 club.
The orc warrior closely misses you.
The water moccasin bites you but does no damage.
You hit the orc but do no damage. You bite the orc. You drain its power.
You feel invigorated.
The orc is heavily wounded.
You feel sick.
The water moccasin bites you but does no damage.
The orc hits you but does no damage.
The orc warrior hits you with a +0 long sword!!
* * * LOW HITPOINT WARNING * * *
Okay, then.
You closely miss the orc. Your bite misses the orc.
The orc is heavily wounded.
You feel sick. The water moccasin closely misses you.
You hit the orc.
You kill the orc!
You feel sick.
The orc warrior hits you with a +0 long sword!
You die...

###### #....# #####....#
#.#.##........# # .
.#.##........# .#
.#.....#........###.###.
.....##................
.#..#.##.........Sg.....
.#..#.##....#.##@g.!..g.
....#.........##o)......
#............##........
#....##....####........
#.
.#....####..............
#.#
...........#####....####
#.#.# .#.#.........
...#.# #.#.#
............. ...#.#
#.#.# .####.##......
##.#.#


You could see an orc warrior, a water moccasin, a gnoll sergeant and 2 gnolls.

Vanquished Creatures
  A troll (D:6)
  Grinder (Sewer)
  A yak (D:6)
  Menkaure (D:5)
  2 orc warriors (D:6)
  An ice beast (D:5)
  A sky beast (D:6)
  A black bear (D:4)
  5 ogres
  A centaur (D:6)
  2 phantoms
  A kobold brigand (D:6)
  4 scorpions
  4 necrophages
  2 wights (Sewer)
  5 howler monkeys
  5 hounds
  2 orc priests
  3 orc wizards
  6 iguanas
  A hound skeleton (D:6)
  Robin (D:4)
  5 adders
  4 shadow imps (Sewer)
  A white imp (D:7)
  3 ufetubi
  3 worms
  2 dart slugs
  12 orcs
  10 endoplasms
  5 giant cockroaches
  18 goblins
  8 hobgoblins
  4 jackals (D:4)
  19 kobolds
  3 quokkas
  4 ball pythons
  6 bats
  3 frilled lizards (D:3)
  2 kobold zombies (Sewer)
  8 rats
171 creatures vanquished.

Vanquished Creatures (collateral kills)
  An orc priest (D:6)
  An orc (D:6)
2 creatures vanquished.

Vanquished Creatures (others)
  An orc wizard (D:3)
  2 fungi (D:7)
  5 toadstools (D:7)
8 creatures vanquished.

Grand Total: 181 creatures vanquished

Notes
Turn   | Place    | Note
-------+----------+-------------------------------------------
     0 | D:1      | zishaf the Vine Stalker Brigand began the quest for the
                  | Orb.
     0 | D:1      | Reached XP level 1. HP: 11/11 MP: 2/2
   233 | D:1      | Reached skill level 2 in Short Blades
   233 | D:1      | Reached skill level 5 in Stealth
   269 | D:1      | Reached XP level 2. HP: 15/15 MP: 3/3
  1257 | D:2      | Reached XP level 3. HP: 18/18 MP: 4/4
  2819 | D:3      | Gained mutation: Your natural rate of healing is unusually
                  | fast. [Vine Stalker growth]
  2819 | D:3      | Reached XP level 4. HP: 19/23 MP: 1/5
  3112 | D:3      | Reached skill level 3 in Short Blades
  3112 | D:3      | Reached XP level 5. HP: 24/28 MP: 0/6
  3849 | D:4      | Noticed a black bear
  3861 | D:4      | Noticed Robin
  3888 | D:4      | Killed Robin
  3916 | D:4      | Killed a black bear
  3917 | D:4      | Reached XP level 6. HP: 12/33 MP: 7/7
  4026 | D:4      | Found a glowing drain.
  4037 | D:4      | Reached skill level 4 in Short Blades
  4055 | Sewer    | Entered a sewer
  4182 | Sewer    | Reached skill level 1 in Dodging
  4189 | Sewer    | Found an ancient bone altar of Kikubaaqudgha.
  4196 | Sewer    | Noticed Grinder
  4242 | Sewer    | Killed Grinder
  4243 | Sewer    | Reached skill level 1 in Armour
  4243 | Sewer    | Reached XP level 7. HP: 32/38 MP: 6/8
  4263 | Sewer    | Reached skill level 5 in Short Blades
  4456 | D:4      | Reached skill level 5 in Fighting
  4506 | D:4      | Gained mutation: You have razor-sharp teeth. [Vine Stalker
                  | growth]
  4506 | D:4      | Reached XP level 8. HP: 43/43 MP: 9/9
  4744 | D:4      | Reached skill level 1 in Shields
  4811 | D:4      | Identified the +0 chain mail "Kemmeb" {+Blink}
  5169 | D:5      | Entered Level 5 of the Dungeon
  5178 | D:5      | Found a shimmering blue altar of Sif Muna.
  5226 | D:5      | Noticed Menkaure
  5234 | D:5      | Killed Menkaure
  5235 | D:5      | Reached skill level 6 in Short Blades
  5342 | D:5      | Found a staircase to the Ecumenical Temple.
  5355 | Temple   | Entered the Ecumenical Temple
  5413 | Temple   | Became a worshipper of Uskayaw the Reveller
  5530 | D:5      | Reached * piety under Uskayaw
  5531 | D:5      | Reached ** piety under Uskayaw
  5532 | D:5      | Reached skill level 1 in Invocations
  5532 | D:5      | Reached XP level 9. HP: 48/48 MP: 10/10
  5997 | D:6      | Reached *** piety under Uskayaw
  6195 | D:6      | Found a large runed translucent door.
  6195 | D:6      | Found a large runed translucent door.
  6219 | D:6      | Reached **** piety under Uskayaw
  6244 | D:6      | Noticed a troll
  6260 | D:6      | Killed a troll
  6342 | D:6      | Noticed a gargoyle
  6348 | D:6      | Found a large runed translucent door.
  6348 | D:6      | Found a large runed translucent door.
  6429 | D:6      | Reached skill level 7 in Short Blades
  6433 | D:6      | Reached skill level 5 in Invocations
  6449 | D:6      | Reached ***** piety under Uskayaw
  6753 | D:6      | Found a burning altar of Makhleb.
  6861 | D:7      | Found Soath's General Store.
  6916 | D:7      | Found a runed translucent gate.
  6917 | D:7      | Found a runed translucent gate.
  6918 | D:7      | Found a runed translucent gate.
  6926 | D:7      | Noticed spaghetti's ghost (novice DgTm)
  7052 | D:7      | Reached XP level 10. HP: 53/53 MP: 15/15
  7138 | D:7      | Slain by an orc warrior

Illustrated notes

Levels and vault maps discovered:
D:1:      dpeg_arrival_refuge, layout_basic
D:2:      layout_basic, serial_forest, infiniplex_forest_lined_1,
          infiniplex_forest_clump_small, infiniplex_forest_lined_room_3,
          infiniplex_forest_clump_medium, infiniplex_forest_fountain,
          infiniplex_forest_clump_tiny
D:3:      minmay_octagon_keep, layout_basic
D:4:      kennysheep_the_goblin_king, layout_loops_corners,
          portal_sewer_entry_d, uniq_robin
D:5:      layout_cave_pools, nicolae_sif_muna_condensation,
          minmay_temple_entry_steel_oval, minmay_between, uniq_menkaure
D:6:      layout_loops_ring, makhleb_blood_cavern_becter,
          minmay_hollow_rounded_squares
D:7:      layout_basic, gammafunk_ghost_split, minmay_gold_behind_fungi,
          nicolae_stop_n_shop_1, chequers_serial_rivers_small_b
Temple:   mainiacjoe_temple_big_plus

Skill      XL: |  1  2  3  4  5  6  7  8  9 |
---------------+----------------------------+-----
Fighting       | 2 3 4 5 6 |  6.0
Short Blades   | 2 3 4 5 6 7 |  7.3
Stealth        | 5 6 |  6.0
Dodging        | 1 |  1.0
Armour         | 1 2 3 |  3.0
Shields        | 3 4 |  4.8
Invocations    | 1 5 |  5.9
Throwing       | |  1.7

Action                   |  1- 3 |  4- 6 |  7- 9 | 10-12 || total
-------------------------+-------+-------+-------+-------++-------
Melee: Dagger            |   105 |   173 |   257 |    17 ||   552
       Bite              |    29 |    40 |    84 |     4 ||   157
       Punch             |     2 |     1 |       |       ||     3
 Fire: Hunting sling     |     3 |       |       |       ||     3
Throw: Dart              |       |     1 |       |       ||     1
  Use: Scroll            |       |    12 |     6 |       ||    18
       Potion            |       |     1 |       |       ||     1
 Stab: Sleeping          |    11 |     4 |     9 |     1 ||    25
       Invisible         |       |     2 |     6 |       ||     8
       Distracted        |       |       |     2 |       ||     2
       Paralysed         |       |       |     6 |       ||     6
Armor: Robe              |     3 |       |       |       ||     3
       Leather armour    |    25 |    20 |       |       ||    45
       Ring mail         |       |    43 |    77 |     6 ||   126
Dodge: Dodged            |    57 |    62 |    91 |     9 ||   219
Block: Buckler           |       |       |    30 |     6 ||    36
       Reflection        |       |       |     1 |       ||     1

Table legend: (Time is in decaauts)
 A = Elapsed time spent in this place.
 B = Non-inter-level travel time spent in this place.
 C = Inter-level travel time spent in this place.
 D = Time resting spent in this place.
 E = Time spent auto-exploring this place.
 F = Levels seen in this place.
 G = Mean time per level.
                   A        B        C        D        E       F      G
               +--------+--------+--------+--------+--------+-----+--------+
         Total |   7047 |   6797 |    250 |    441 |   4765 |   9 |  783.0 |
       Dungeon |   6542 |   6321 |    221 |    439 |   4477 |   7 |  934.6 |
        Temple |    146 |    117 |     29 |      0 |    115 |   1 |  146.0 |
         Sewer |    358 |    358 |      0 |      2 |    172 |   1 |  358.0 |
               +--------+--------+--------+--------+--------+-----+--------+

Top non-repeatable levels by time:
     D:3: 1391 daAuts
     D:2: 1322 daAuts
     D:4: 1048 daAuts
     D:1: 1012 daAuts
     D:6: 899 daAuts
     D:5: 602 daAuts
   Sewer: 358 daAuts
     D:7: 265 daAuts
  Temple: 146 daAuts
